 Dungeon Crawl Stone Soup version 0.25.1-2-g60ff931 (webtiles) character file.

Game seed: 16035836463491528819

860 Daunt the Purveyor of Pain (level 8, -5/49 HPs)
             Began as a Gargoyle Necromancer on Aug 22, 2020.
             Was an Initiate of Kikubaaqudgha.
             Shot with an arrow by a centaur (9 damage)
             ... on level 5 of the Dungeon.
             The game lasted 00:40:21 (7398 turns).

Daunt the Purveyor of Pain (Gargoyle Necromancer)   Turns: 7398, Time: 00:40:21

Health: -5/49      AC:  7    Str: 12    XL:     8   Next: 2%
Magic:  3/11       EV: 12    Int: 24    God:    Kikubaaqudgha [......]
Gold:   205        SH:  0    Dex: 10    Spells: 2/11 levels left

rFire    . . .     SeeInvis .   l - +0 hunting sling {don't train}
rCold    . . .     Gourm    .   (no shield)
rNeg     + . .     Faith    .   a - +0 robe {*no*}
rPois    ∞         Spirit   .   (no helmet)
rElec    +         Reflect  .   (no cloak)
rCorr    .         Harm     .   (no gloves)
MR       .....                  (no boots)
Stlth    ++........             (no amulet)
HPRegen  0.16/turn              u - +6 ring of intelligence
MPRegen  0.12/turn              (no ring)

@: no status effects
A: negative energy resistance 1, electricity resistance, unbreathing,
petrification resistance, rot immunity, AC +5
a: Renounce Religion


You were on level 5 of the Dungeon.
You worshipped Kikubaaqudgha.
Kikubaaqudgha was noncommittal.
You were not hungry.

You visited 2 branches of the dungeon, and saw 6 of its levels.

You collected 205 gold pieces.

Inventory:

Hand Weapons
 l - a +0 hunting sling (weapon) {don't train}
Missiles
 b - 196 stones (quivered) {don't train}
 i - 31 bolts
 j - 78 arrows
 o - 14 sling bullets {don't train}
Armour
 a - a +0 robe (worn) {*no*}
Jewellery
 d - an uncursed ring of fire
 u - a +6 ring of intelligence (left hand)
Scrolls
 f - 6 scrolls of remove curse
 k - 2 scrolls of teleportation
 q - 2 scrolls of enchant armour {unknown}
 r - a scroll of immolation {unknown}
 t - 2 scrolls of amnesia {unknown}
 w - a scroll of enchant weapon {unknown}
Potions
 e - a potion of cancellation
 g - a potion of haste
 h - a potion of invisibility
 m - a potion of curing {unknown}
 n - a potion of brilliance {unknown}
 p - a potion of flight {unknown}
 v - a potion of might {unknown}
 x - a potion of ambrosia {unknown}
Comestibles
 c - 8 rations


   Skills:
 + Level 5.1 Fighting
 - Level 1.5 Dodging
 + Level 3.8 Stealth
 - Level 2.0 Unarmed Combat
 + Level 2.2 Spellcasting
 * Level 6.2 Necromancy


You had 2 spell levels left.
You knew the following spells:

 Your Spells              Type           Power        Failure   Level  Hunger
a - Pain                  Necr           ####         1%          1    None
b - Animate Dead          Necr           N/A          9%          4    ####...
v - Vampiric Draining     Necr           ####......   2%          3    ###....
z - Animate Skeleton      Necr           N/A          1%          1    None

Your spell library contained the following spells:

 Spells                   Type           Power        Failure   Level  Hunger
 Infusion                 Chrm           #...         12%         1    None
 Shroud of Golubria       Chrm/Tloc      #.....       19%         2    ##.....
 Song of Slaying          Chrm           #.......     19%         2    ##.....
 Agony                    Necr           ####....     26%         5    ######.
 Ozocubu's Armour         Chrm/Ice       #.......     34%         3    ###....
 Spectral Weapon          Hex/Chrm       #.......     34%         3    ###....


Dungeon Overview and Level Annotations

Branches:
Dungeon (5/15)             Temple (1/1) D:5

Altars:
Ashenzari
Cheibriados
Elyvilon
Hepliaklqana
Kikubaaqudgha
Makhleb
Nemelex Xobeh
Okawaru
Qazlal
Ru
Uskayaw
Vehumet
Wu Jian
Xom
The Shining One


Innate Abilities, Weirdness & Mutations

You are resistant to torment.
Your stone body is resilient. (AC +5)
You are immune to poison.
You resist negative energy. (rN+)
You are resistant to electric shocks. (rElec)
You can survive without breathing.
You are immune to petrification.
You are immune to rotting.


Message History

Press: ? - help, Shift-Dir - straight line, f/p - centaur
Aim: a centaur, wielding a +0 shortbow and quivering 9 arrows (almost dead, chance to defeat MR: 84%)
The centaur barely resists.
The centaur shoots an arrow.
The arrow hits you!
* * * LOW HITPOINT WARNING * * *
Casting: Pain (safe; 1% risk of failure)
Confirm with . or Enter, or press ? or * to list all spells.
Aiming: Pain (safe; 1% risk of failure)
Press: ? - help, Shift-Dir - straight line, f/p - centaur
Aim: a centaur, wielding a +0 shortbow and quivering 8 arrows (almost dead, chance to defeat MR: 84%)
The centaur barely resists.
The centaur shoots an arrow.
The arrow hits you.
* * * LOW HITPOINT WARNING * * *
Casting: Pain (safe; 1% risk of failure)
Confirm with . or Enter, or press ? or * to list all spells.
Aiming: Pain (safe; 1% risk of failure)
Press: ? - help, Shift-Dir - straight line, f/p - centaur
Aim: a centaur, wielding a +0 shortbow and quivering 7 arrows (almost dead, chance to defeat MR: 84%)
The centaur barely resists.
The centaur shoots an arrow.
The arrow misses you.
The centaur shoots an arrow.
The arrow hits you!
You die...
Kikubaaqudgha rasps: "You have failed me!
Welcome... oblivion!"

#.# # #.# # ##.## #
# ### #...###
#.######.# #......
c#.#. #.# ##...###
... #.####.....# #.#
#.........## #@#
########.## ##.####
#.# #.....# #.#
####..##.# ##'##
#......[.# ##...##
#.#....#.# ##.....##
# #......#
##.......#
#......####.........
#.........'.........


You could see a centaur.

Vanquished Creatures
  An ice beast (D:5)
  2 ogres
  2 howler monkeys (D:4)
  A hound (D:5)
  A bullfrog skeleton (D:5)
  4 orc priests
  3 orc wizards
  4 worker ants
  A worker ant zombie (D:5)
  4 adders
  An adder skeleton (D:4)
  4 worms
  3 leopard geckos
  15 orcs
  3 ball pythons
  4 giant cockroaches
  8 goblins
  7 hobgoblins
  7 jackals
  10 kobolds
  2 quokkas (D:4)
  10 bats
  5 frilled lizards
  A quokka skeleton (D:4)
  6 rats
109 creatures vanquished.

Vanquished Creatures (collateral kills)
  An orc (D:3)
  A bat (D:3)
  A goblin (D:1)
  A jackal (D:4)
4 creatures vanquished.

Grand Total: 113 creatures vanquished

Notes
Turn   | Place    | Note
-------+----------+-------------------------------------------
     0 | D:1      | Daunt the Gargoyle Necromancer began the quest for the Orb.
     0 | D:1      | Reached XP level 1. HP: 10/10 MP: 3/3
    19 | D:1      | Learned a level 1 spell: Animate Skeleton
   106 | D:1      | Reached skill level 1 in Fighting
   204 | D:1      | Reached skill level 1 in Unarmed Combat
   204 | D:1      | Reached XP level 2. HP: 16/16 MP: 3/5
   882 | D:1      | Reached XP level 3. HP: 15/21 MP: 4/6
  1671 | D:2      | Noticed an air elemental
  1672 | D:2      | Found a stormy altar of Qazlal.
  1674 | D:2      | Noticed an earth elemental
  1675 | D:2      | Noticed a fire elemental
  1675 | D:2      | Noticed a water elemental
  1988 | D:2      | Found a sparkling altar of Nemelex Xobeh.
  2355 | D:3      | Reached XP level 4. HP: 22/26 MP: 3/7
  2467 | D:3      | Found a white marble altar of Elyvilon.
  3001 | D:3      | Reached skill level 4 in Necromancy
  3001 | D:3      | Reached XP level 5. HP: 25/32 MP: 4/8
  3006 | D:3      | Learned a level 3 spell: Vampiric Draining
  4033 | D:3      | Found a sacrificial altar of Ru.
  4464 | D:4      | Reached XP level 6. HP: 26/37 MP: 0/9
  4604 | D:4      | Noticed a phantom
  4610 | D:4      | Noticed an ice beast
  4847 | D:3      | Reached skill level 5 in Necromancy
  6069 | D:4      | Reached XP level 7. HP: 41/44 MP: 5/10
  6279 | D:5      | Entered Level 5 of the Dungeon
  6891 | D:5      | Found a hazy altar of Hepliaklqana.
  6931 | D:5      | Reached skill level 5 in Fighting
  6931 | D:5      | Reached skill level 6 in Necromancy
  7065 | D:5      | Found a staircase to the Ecumenical Temple.
  7074 | Temple   | Entered the Ecumenical Temple
  7127 | Temple   | Became a worshipper of Kikubaaqudgha
  7273 | D:5      | Reached XP level 8. HP: 34/49 MP: 11/11
  7390 | D:5      | Learned a level 4 spell: Animate Dead
  7398 | D:5      | Shot with an arrow by a centaur

Illustrated notes

Levels and vault maps discovered:
D:1:      dpeg_arrival_arbitrary_a, layout_loops_corners, serial_glass,
          glass_columns_b, glass_columns_a
D:2:      layout_basic, nicolae_qazlal_style_of_elements,
          nemelex_xobeh_ov_fountains_minmay, chequers_serial_rivers_small_3
D:3:      layout_basic, lemuel_round_altar, first_ration,
          nicolae_ru_awakened_eye
D:4:      layout_rooms
D:5:      layout_loops_corners, grunt_temple_overflow_gold_and_silver,
          lemuel_round_altar, minmay_temple_entry_gardened_gates,
          solitary_fountain
Temple:   zaba_magenta_temple

Skill      XL: |  1  2  3  4  5  6  7 |
---------------+----------------------+-----
Fighting       | 1 2 3 4 5 |  5.1
Unarmed Combat | 1 2 |  2.0
Necromancy     | 4 5 6 |  6.2
Stealth        | 3 |  3.8
Dodging        | |  1.5
Spellcasting   | |  2.2

Action                   |  1- 3 |  4- 6 |  7- 9 || total
-------------------------+-------+-------+-------++-------
Melee: Unarmed           |    41 |    17 |       ||    58
       Punch             |     1 |       |       ||     1
 Fire: Hunting sling     |       |    82 |    71 ||   153
 Cast: Pain              |    64 |   121 |    42 ||   227
       Animate Skeleton  |    15 |    14 |     5 ||    34
       Vampiric Draining |       |     6 |     1 ||     7
  Use: Scroll            |     1 |       |     4 ||     5
       Potion            |       |     1 |       ||     1
 Stab: Sleeping          |     2 |       |       ||     2
  Eat: Chunk             |     5 |    13 |     2 ||    20
       Ration            |       |       |     1 ||     1
Armor: Robe              |    20 |    47 |    11 ||    78
Dodge: Dodged            |    31 |    82 |    43 ||   156
